 Dungeon Crawl Stone Soup version 0.22-a0-247-gbddf880 (webtiles) character file.

2125659 kuniqs the Slayer (level 25, 264/265 HPs)
             Began as a Deep Dwarf Fighter on Feb 26, 2018.
             Was the Champion of Makhleb.
             Escaped with the Orb
             ... and 3 runes on Feb 27, 2018!
             The game lasted 01:44:15 (42888 turns).

kuniqs the Slayer (Deep Dwarf Fighter)             Turns: 42888, Time: 01:44:16

Health: 264/265    AC: 51    Str: 32    XL:     25   Next: 14%
Magic:  14/14      EV: 19    Int: 14    God:    Makhleb [******]
Gold:   4063       SH: 30    Dex: 19    Spells: 24/24 levels left

rFire    + + +     SeeInvis .   g - +8 broad axe (chop)
rCold    + . .     Gourm    .   Y - +2 large shield
rNeg     + + .     Faith    .   c - +11 gold dragon scales
rPois    +         Spirit   .   W - +2 helmet {Int+3}
rElec    +         Reflect  +   U - +2 cloak "Wemolef" {rF+ Stlth+}
rCorr    .         Harm     .   X - +0 pair of gloves {Dex+3}
MR       +++..                  I - +2 pair of boots
Stlth    ..........             i - +3 amulet of reflection
HPRegen  0.00/turn              V - ring of Relativism {rF+ rN+ Dex+4 Stlth-}
MPRegen  0.14/turn              r - ring "Pichoib" {*Corrode rElec AC+4 Str+2}

@: non-regenerating
A: damage resistance, heal wounds, blink, fire resistance 1, negative energy
resistance 1, sense surroundings 3, MP-powered wands, no regeneration
0: Orb of Zot
}: 3/15 runes: serpentine, barnacled, silver
a: Heal Wounds, Blink, Minor Destruction, Lesser Servant of Makhleb, Major
Destruction, Greater Servant of Makhleb, Renounce Religion


You escaped.
You worshipped Makhleb.
Makhleb was exalted by your worship.
You were not hungry.

You visited 10 branches of the dungeon, and saw 50 of its levels.
You also visited: Ossuary, Bailey, Ice Cave and Desolation.

You collected 5167 gold pieces.
You spent 1104 gold pieces at shops.

Inventory:

Hand Weapons
 g - a +8 broad axe of chopping (weapon)
Missiles
 R - 7 throwing nets (quivered)
Armour
 c - +11 gold dragon scales (worn)
 I - a +2 pair of boots (worn)
 U - the +2 cloak "Wemolef" (worn) {rF+ Stlth+}
   (You found it on level 3 of the Snake Pit)

   It protects you from fire.
   It makes you more stealthy.
 W - a +2 helmet of intelligence (worn)
 X - a +0 pair of gloves of dexterity (worn)
 Y - a +2 large shield (worn)
Jewellery
 i - a +3 amulet of reflection (around neck)
 r - the ring "Pichoib" (right hand) {*Corrode rElec AC+4 Str+2}
   (You found it on level 3 of the Elven Halls)

   [ring of protection]

   It affects your AC (+4).
   It affects your strength (+2).
   It insulates you from electricity.
   It may corrode you when you take damage.
 V - the ring of Relativism (left hand) {rF+ rN+ Dex+4 Stlth-}
   (You took it off a servant of whispers in the Desolation of Salt)

   [ring of loudness]

   It affects your dexterity (+4).
   It protects you from fire.
   It protects you from negative energy.
   It makes you less stealthy.
Wands
 b - a wand of flame (99)
 s - a wand of random effects (49)
 t - a wand of paralysis (46)
 B - a wand of disintegration (19)
 C - a wand of iceblast (23)
 F - a wand of scattershot (6)
 J - a wand of enslavement (82)
 L - a wand of digging (55)
 N - a wand of clouds (4)
 S - a wand of acid (8)
Scrolls
 a - 3 scrolls of holy word
 e - 7 scrolls of blinking
 k - 18 scrolls of remove curse {@r2}
 v - 3 scrolls of fog
 w - 15 scrolls of teleportation
 y - 4 scrolls of immolation
 D - 4 scrolls of fear
 G - 6 scrolls of identify {@r1}
 T - a scroll of silence
Potions
 d - 3 potions of might
 h - 15 potions of heal wounds
 j - 15 potions of curing {@q1}
 n - 5 potions of agility
 q - 10 potions of flight
 u - 4 potions of lignification
 z - 6 potions of cancellation
 A - 5 potions of haste
 E - 6 potions of resistance
 H - a potion of berserk rage
 M - a potion of mutation
 O - 5 potions of invisibility
Comestibles
 f - 82 rations


   Skills:
 + Level 23.0 Fighting
 - Level 21.3 Axes
 - Level 20.0 Armour
 - Level 20.0 Dodging
 - Level 20.0 Shields
 - Level 13.0 Invocations


You had 24 spell levels left.
You didn't know any spells.

Dungeon Overview and Level Annotations

Branches:
Dungeon (15/15)            Temple (1/1) D:7            Lair (6/6) D:10
 Shoals (4/4) Lair:3        Snake (4/4) Lair:2        Slime (0/5) Lair:6
    Orc (2/2) D:12            Elf (3/3) Orc:2        Vaults (5/5) D:14
  Crypt (0/3) Vaults:2     Depths (5/5) D:15            Zot (5/5) Depths:5

Altars:
Ashenzari
Dithmenos
Kikubaaqudgha
Makhleb
Okawaru
Qazlal
Trog
Vehumet
Xom
Yredelemnul
Zin
Beogh
Jiyva

Shops:
D:13 ?   Orc:2 }(??   Elf:2 *   Elf:3 }=}   Snake:1 (:!(

Portals:
Hell: Depths:1 Depths:5

Annotations:
D:5 1 runed door
Lair:5 2 transporters
Elf:2 3 runed doors


Innate Abilities, Weirdness & Mutations

You are resistant to damage.
You can heal yourself by infusing magical energy.
You resist negative energy. (rN+)
You passively map a large area around you.
You do not regenerate.
You can translocate small distances at will.
Your flesh is heat resistant. (rF+)
You expend magic power (3 MP) to strengthen your wands.


Message History

You climb upwards.
There is a stone staircase leading down here.
(D) Dungeon (T) Temple (L) Lair (A) Shoals (P) Snake Pit (M) Slime Pits (O) Orcish Mines (E) Elven Halls (V) Vaults (C) Crypt (U) Depths (H) Hell (Z) Zot
Where to? (Enter - D:1, ? - help)
There is a stone staircase leading up here.
You climb upwards.
There is a stone staircase leading down here.
You feel yourself speed up.
There is an open door here.
Your extra speed is starting to run out.
There is a fountain of clear blue water here.
You enter the shallow water.
Moving in this stuff is going to be slow.
You feel yourself slow down.
An ice devil comes into view.
There is a staircase leading out of the dungeon here.
You have escaped!

#≈≈≈≈≈≈≈≈≈≈≈≈≈#.#####.##
#≈≈≈≈≈≈≈≈≈≈≈≈≈#.........
#≈≈≈≈≈≈≈≈≈≈≈≈≈#######...
#≈≈≈≈≈≈≈≈≈≈≈≈≈# ####
#≈≈≈≈≈≈≈≈≈≈≈≈≈#
#≈≈≈≈≈≈≈≈≈≈≈≈≈#
#≈≈≈≈≈≈≈≈≈≈≈≈≈#
#≈≈≈≈≈.4.≈≈≈≈≈#
#≈≈≈≈..@..≈≈≈≈#
#≈≈≈≈≈...≈≈≈≈≈#
#≈≈≈≈≈≈≈≈≈≈≈≈≈#
#≈≈≈≈≈≈≈≈≈≈≈≈≈#
#≈≈≈≈≈≈≈≈≈≈≈≈≈#
#≈≈≈≈≈≈≈≈≈≈≈≈≈#
###############


You could see an ice devil.

Vanquished Creatures
  2 orbs of fire (Zot:5)
  Mennas (Depths:2)
  An ancient lich (Zot:5)
  A juggernaut (Depths:4)
  Saint Roka (Depths:5)
  2 Killer Klowns (Zot:5)
  A caustic shrike (Depths:4)
  4 golden dragons
  A golden dragon (shapeshifter) (Vaults:5)
  Nikola (Shoals:1)
  A Tzitzimitl (D:14)
  2 liches
  4 tentacled monstrosities
  25 Orb Guardians
  2 deep elf blademasters (Elf:3)
  A pandemonium lord (Depths:5)
  2 quicksilver dragons
  4 titans (Vaults:5)
  2 death cobs (Zot:5)
  2 deep elf master archers (Elf:3)
  5 sphinxes
  Frances (Lair:3)
  An ancient champion (Depths:1)
  6 tengu reavers
  Kirke (Lair:5)
  9 storm dragons
  10 nagarajas
  5 shadow dragons
  3 daevas (Depths:2)
  4 fire giants
  Ilsuiw (Shoals:4)
  A draconian knight (Depths:5)
  5 frost giants
  An imperial myrmidon (Desolation)
  14 vault wardens
  An iron dragon (Vaults:5)
  9 deep elf elementalists
  3 deep elf sorcerers (Elf:3)
  16 ironheart preservers
  19 very ugly things
  3 angels (Depths:2)
  8 stone giants
  4 war gargoyles (Vaults:5)
  An entropy weaver (Vaults:5)
  2 green draconians (Depths:5)
  8 deep elf demonologists
  A purple draconian (Zot:5)
  A red draconian (Zot:1)
  5 deep elf annihilators
  2 halazid warlocks (Desolation)
  2 spark wasps (Depths:2)
  2 white draconians
  2 blizzard demons (IceCv)
  10 ettins
  10 merfolk impalers
  2 fire dragons
  3 crystal guardians
  A merfolk javelineer (Shoals:2)
  14 deep elf death magi
  6 great orbs of eyes
  11 ogre magi
  16 yaktaur captains
  2 ragged hierophants
  5 deep elf high priests
  4 ice dragons
  5 servants of whispers
  40 vault guards
  Erolcha (Orc:2)
  4 rakshasas
  4 hydras
  11 naga warriors
  2 merfolk avatars
  Harold (D:12)
  2 hell beasts (Depths:1)
  6 peacekeepers (Desolation)
  A spriggan air mage (Depths:5)
  A monstrous demonspawn (Depths:2)
  A catoblepas (shapeshifter) (Vaults:5)
  3 catoblepae
  A death knight (D:15)
  18 anacondas
  2 satyrs (Shoals:4)
  35 two-headed ogres
  2 deep troll shamans
  12 dancing weapons
  4 merfolk aquamancers
  6 centaur warriors
  6 death yaks (Lair:6)
  7 deep troll earth magi
  The ghost of nikopol the Thaumaturge, a journeyman DEFE of Sif Muna (Lair:1)
  2 vampire magi
  9 shock serpents
  8 naga sharpshooters
  12 tengu warriors
  26 deep elf knights
  Sonja (D:13)
  2 spriggan berserkers (Depths:5)
  Nergalle (Orc:2)
  A fire crab (Lair:6)
  2 shadow wraiths
  3 skeletal warriors
  6 cherubim (Depths:2)
  An iron troll (Depths:5)
  2 salamander mystics (Snake:4)
  16 sea snakes
  17 deep trolls
  3 unseen horrors
  A flayed ghost (Vaults:2)
  9 naga ritualists
  A glowing orange brain (Vaults:3)
  A swamp dragon (shapeshifter) (D:15)
  A necromancer (Vaults:4)
  A large abomination (Elf:3)
  2 lindwurms (shapeshifter)
  3 wizards
  17 orc knights
  11 deep elf archers
  19 ironbrand convokers
  21 harpies
  14 fauns
  10 mana vipers
  29 ugly things
  13 manticores
  15 orc sorcerers
  6 wolf spiders
  A salamander (shapeshifter) (Vaults:3)
  A shining eye (shapeshifter) (Vaults:5)
  A wolf spider (shapeshifter) (Vaults:5)
  A cyclops (shapeshifter) (Elf:3)
  50 deep elf magi
  8 moths of wrath
  8 salamanders
  2 merfolk sirens (Shoals:4)
  10 cyclopes
  6 elephants
  A moth of wrath (shapeshifter) (Vaults:2)
  21 guardian serpents
  3 rust devils
  15 vault sentinels
  30 naga magi
  A smoke demon (D:14)
  50 black mambas
  12 spiny frogs
  Joseph (D:7)
  2 gargoyles (D:11)
  A torpor snail (shapeshifter) (Depths:1)
  2 ice statues (IceCv)
  A torpor snail (Lair:6)
  A water nymph (Shoals:3)
  2 efreet
  A molten gargoyle (Desolation)
  5 rime drakes
  The ghost of anet the Skirmisher, a novice GrWz (D:6)
  2 anaconda simulacra (IceCv)
  3 komodo dragons
  38 yaktaurs
  A yaktaur (shapeshifter) (Vaults:4)
  11 ice devils
  5 freezing wraiths
  10 trolls
  A polar bear (Lair:5)
  33 merfolk
  A queen bee (D:11)
  2 tengu conjurers
  A polar bear (shapeshifter) (Vaults:3)
  A troll (shapeshifter) (Vaults:2)
  8 wind drakes
  3 hornets (shapeshifter)
  Prince Ribbit (Lair:1)
  A hornet (Vaults:4)
  A wind drake (shapeshifter) (Elf:1)
  31 saltlings
  A raiju (shapeshifter) (Vaults:1)
  11 blink frogs
  28 slime creatures
  8 snapping turtles
  6 dream sheep (Lair:6)
  14 hippogriffs
  A hippogriff (shapeshifter) (Vaults:5)
  5 air elementals
  A redback (Vaults:5)
  3 wraiths
  A dire elephant simulacrum (IceCv)
  A spriggan (shapeshifter) (Vaults:3)
  2 shadows (D:15)
  A redback (shapeshifter) (Vaults:5)
  A wyvern (D:8)
  A vampire (D:15)
  A tarantella (shapeshifter) (D:15)
  A tarantella (Vaults:5)
  44 yaks
  5 basilisks
  A yak (shapeshifter) (Vaults:5)
  2 hungry ghosts
  10 water elementals
  A golden eye (shapeshifter) (Elf:3)
  A chaos spawn (D:14)
  5 wargs
  3 fire elementals
  A steam dragon (Shoals:1)
  4 vampire mosquitoes (D:15)
  3 iron troll simulacra (IceCv)
  66 nagas
  2 harpy simulacra (IceCv)
  A soldier ant (D:12)
  2 soldier ants (shapeshifter)
  An acid dragon (D:15)
  Duvessa (D:5)
  2 hydra simulacra (IceCv)
  15 water moccasins
  3 porcupines
  A hell hound (Depths:1)
  A floating eye (shapeshifter) (Depths:4)
  An eye of draining (D:15)
  52 orc warriors
  2 ice beasts (D:15)
  4 sky beasts
  3 black bears
  2 phantoms
  4 boggarts
  26 wolves
  30 ogres
  10 centaurs
  11 crocodiles
  A crocodile (shapeshifter) (Vaults:5)
  2 big kobolds (D:14)
  19 bullfrogs
  2 earth elementals
  An elf simulacrum (Vaults:1)
  Dowan (D:5)
  4 scorpions
  32 killer bees
  4 wights (D:6)
  6 howler monkeys
  An electric eel (Snake:3)
  6 crimson imps
  4 bullfrog zombies
  A jelly (D:12)
  19 orc priests
  6 hounds
  40 orc wizards
  4 centaur skeletons
  4 iguanas
  5 worker ants
  A killer bee zombie (D:9)
  9 mummies
  A hound skeleton (D:4)
  A howler monkey zombie (D:6)
  A worker ant zombie (D:7)
  16 gnolls
  9 adders
  3 shadow imps
  A white imp (D:10)
  An ooze (D:6)
  2 adder zombies
  3 worms
  2 dart slugs
  3 leopard geckos
  123 orcs
  2 ball pythons
  5 bats
  3 giant cockroaches
  24 goblins
  21 hobgoblins
  12 jackals
  4 quokkas
  3 frilled lizards
  A gnoll zombie (Ossuary)
  2 hobgoblin zombies
  14 kobolds
  2 kobold zombies (Ossuary)
  A leopard gecko zombie (D:7)
  5 orc zombies
  4 rats
  3 crawling corpses (Elf:3)
  2 fungi
  18 plants
2025 creatures vanquished.

Vanquished Creatures (collateral kills)
  Rupert (Lair:5)
  Gastronok (D:11)
  An orc warlord (Bailey)
  A catoblepas (Lair:6)
  4 hydras
  A death yak (Lair:6)
  The ghost of ThereIsNoGod the Grappler, a novice DrIE of Cheibriados (D:9)
  A centaur zombie (D:11)
  3 blink frogs (Lair:5)
  6 yaks
  An orc warrior (D:11)
  A porcupine (Lair:3)
  11 killer bees (D:11)
  A jelly (D:9)
  An orc wizard (D:9)
  2 orcs (D:11)
37 creatures vanquished.

Vanquished Creatures (others)
  A stone giant (Vaults:2)
  3 merfolk javelineers
  An ogre mage (Vaults:1)
  A naga warrior (Snake:1)
  3 centaur warriors (D:15)
  2 satyrs (Shoals:4)
  4 naga sharpshooters
  A shadow wraith (Vaults:5)
  An unseen horror (shapeshifter) (Vaults:4)
  An unseen horror (Vaults:1)
  5 deep elf archers
  A harpy (Vaults:5)
  A deep elf mage (Elf:1)
  A cyclops (Vaults:1)
  4 fauns
  2 salamanders (Snake:4)
  A manticore (Shoals:1)
  A black mamba (Snake:1)
  2 vault sentinels
  3 rime drakes (Shoals:1)
  13 yaktaurs
  A merfolk (Shoals:1)
  A wind drake (Shoals:1)
  A shadow (D:11)
  A yak (Lair:5)
  A human (Lair:5)
  A steam dragon (Shoals:1)
  An ogre (Vaults:1)
  3 centaurs
  An orc wizard (Orc:2)
  A small abomination (D:9)
  An adder (D:12)
  An orc (Orc:2)
  13 fungi
  44 plants
123 creatures vanquished.

Grand Total: 2185 creatures vanquished

Notes
Turn   | Place    | Note
-------+----------+-------------------------------------------
     0 | D:1      | kuniqs the Deep Dwarf Fighter began the quest for the Orb.
     0 | D:1      | Reached XP level 1. HP: 20/20 MP: 1/1
   244 | D:1      | Reached XP level 2. HP: 20/27 MP: 2/2
   436 | D:1      | Reached skill level 1 in Dodging
   896 | D:2      | Reached XP level 3. HP: 21/33 MP: 3/3
   904 | D:2      | Reached skill level 3 in Fighting
   980 | D:2      | Reached XP level 4. HP: 29/42 MP: 4/4
  1076 | D:2      | Found a faded altar of an unknown god.
  1281 | D:2      | Found a burning altar of Makhleb.
  1281 | D:2      | Noticed a green death
  1285 | D:2      | Noticed a neqoxec
  1285 | D:2      | Noticed a ynoxinul
  1287 | D:2      | Became a worshipper of Makhleb the Destroyer
  2051 | D:3      | Reached skill level 1 in Invocations
  2051 | D:3      | Reached XP level 5. HP: 31/49 MP: 5/5
  2062 | D:3      | Found a stormy altar of Qazlal.
  2601 | D:4      | Noticed a sky beast
  2612 | D:4      | Killed a sky beast
  2612 | D:4      | Reached * piety under Makhleb
  2612 | D:4      | Reached XP level 6. HP: 39/56 MP: 7/7
  3159 | D:5      | Entered Level 5 of the Dungeon
  3401 | D:5      | Reached XP level 7. HP: 51/63 MP: 9/9
  3541 | D:5      | Noticed Dowan
  3544 | D:5      | Noticed Duvessa
  3563 | D:5      | Killed Duvessa
  3563 | D:5      | Reached skill level 4 in Fighting
  3568 | D:5      | Killed Dowan
  3568 | D:5      | Reached skill level 5 in Armour
  3568 | D:5      | Reached skill level 5 in Shields
  3801 | D:5      | Found a runed door.
  4059 | D:5      | Reached XP level 8. HP: 64/73 MP: 11/11
  4165 | D:6      | Noticed anet's ghost (novice GrWz)
  4198 | D:6      | Killed anet's ghost
  4198 | D:6      | Reached skill level 5 in Axes
  4403 | D:6      | Reached skill level 5 in Invocations
  4645 | D:6      | Reached ** piety under Makhleb
  4776 | D:6      | Reached skill level 5 in Fighting
  4868 | D:6      | Reached skill level 5 in Dodging
  4868 | D:6      | Gained mutation: You passively map the area around you. [Deep Dwarf growth]
  4868 | D:6      | Reached XP level 9. HP: 58/81 MP: 9/9
  5623 | D:7      | Noticed Joseph
  5639 | D:7      | Reached *** piety under Makhleb
  5663 | D:7      | Killed Joseph
  5714 | D:7      | Found a sand-covered staircase.
  5721 | Ossuary  | Entered an ossuary
  5978 | D:7      | Found a bloodstained altar of Trog.
  6223 | D:7      | Found a shimmering altar of Xom.
  6330 | D:7      | Found a staircase to the Ecumenical Temple.
  6368 | Temple   | Entered the Ecumenical Temple
  6647 | D:8      | Reached skill level 6 in Fighting
  6671 | D:8      | Reached XP level 10. HP: 65/91 MP: 8/8
  6680 | D:8      | Reached **** piety under Makhleb
  6836 | D:8      | Noticed a two-headed ogre
  6861 | D:8      | Killed a two-headed ogre
  7334 | D:9      | Found an iron altar of Okawaru.
  7485 | D:9      | Noticed ThereIsNoGod's ghost (novice DrIE)
  7740 | D:9      | Killed ThereIsNoGod's ghost
  8016 | D:10     | Entered Level 10 of the Dungeon
  8115 | D:10     | Killed an unseen horror
  8293 | D:10     | Noticed a two-headed ogre
  8301 | D:10     | Killed a two-headed ogre
  8301 | D:10     | Reached XP level 11. HP: 99/99 MP: 6/6
  8388 | D:10     | Reached skill level 7 in Fighting
  8395 | D:10     | Found a staircase to the Lair.
  8844 | D:11     | Killed an unseen horror
  9149 | D:11     | Reached ***** piety under Makhleb
  9502 | D:11     | Noticed Gastronok
  9511 | D:11     | Killed Gastronok
  9659 | Lair:1   | Entered Level 1 of the Lair of Beasts
  9883 | Lair:1   | Reached skill level 10 in Invocations
  9905 | Lair:1   | Reached XP level 12. HP: 69/110 MP: 5/5
  9942 | Lair:1   | Noticed Prince Ribbit
  9950 | Lair:1   | Reached skill level 8 in Fighting
  9952 | Lair:1   | Killed Prince Ribbit
 10054 | Lair:1   | Noticed nikopol's ghost (journeyman DEFE)
 10354 | Lair:2   | Reached skill level 10 in Shields
 10376 | Lair:2   | Reached skill level 10 in Armour
 10481 | Lair:2   | Reached skill level 10 in Axes
 10490 | Lair:2   | Found a staircase to the Snake Pit.
 10997 | Lair:3   | Noticed an eight-headed hydra
 11053 | Lair:3   | Killed a nine-headed hydra
 11148 | Lair:3   | Found a staircase to the Shoals.
 11463 | Lair:4   | Noticed a five-headed hydra
 11613 | Lair:4   | Reached skill level 10 in Dodging
 11661 | Lair:4   | Found a dark tunnel.
 11716 | Lair:4   | Reached skill level 9 in Fighting
 11829 | Lair:4   | Killed a five-headed hydra
 11939 | Lair:4   | Reached XP level 13. HP: 90/121 MP: 6/6
 12320 | Lair:4   | Got a pitted scale mail
 12482 | Lair:5   | Noticed Kirke
 12512 | Lair:5   | Killed Kirke
 12836 | Lair:5   | Identified the cursed +0 scale mail of Apathy {rC+ Dex+2} (You found it on level 4 of the Lair of Beasts)
 12903 | Lair:5   | Noticed Rupert
 12971 | Lair:5   | Found a transporter.
 13071 | Lair:5   | Found a transporter.
 13134 | Lair:5   | Killed Rupert
 13594 | Lair:6   | Entered Level 6 of the Lair of Beasts
 14019 | Lair:6   | Reached skill level 10 in Fighting
 14239 | Lair:6   | Found a staircase to the Slime Pits.
 14241 | Lair:6   | Found a viscous altar of Jiyva.
 14285 | Lair:6   | Gained mutation: You resist negative energy. (rN+) [Deep Dwarf growth]
 14285 | Lair:6   | Reached XP level 14. HP: 110/132 MP: 6/6
 14660 | Lair:6   | Got a scorched short sword
 14729 | Lair:6   | Found a shimmering altar of Xom.
 14942 | Lair:6   | Identified the +2 short sword of Day {elec, rPois MP-9 Dex+2} (You found it on level 6 of the Lair of Beasts)
 15351 | D:12     | Noticed Harold
 15399 | D:12     | Killed Harold
 15698 | D:12     | Found a staircase to the Orcish Mines.
 15922 | Orc:1    | Entered Level 1 of the Orcish Mines
 16085 | Orc:1    | Found a roughly hewn altar of Beogh.
 16239 | Orc:2    | Entered Level 2 of the Orcish Mines
 16351 | Orc:1    | Reached ****** piety under Makhleb
 16914 | Orc:2    | Found a staircase to the Elven Halls.
 17219 | Orc:2    | Found Vedoovumm's Magic Scroll Shop.
 17251 | Orc:2    | Found an ancient bone altar of Kikubaaqudgha.
 17252 | Orc:2    | Noticed Nergalle
 17291 | Orc:2    | Killed Nergalle
 17302 | Orc:2    | Found Itsu's Magic Scroll Shop.
 17316 | Orc:2    | Noticed Erolcha
 17373 | Orc:2    | Found a radiant altar of Vehumet.
 17391 | Orc:2    | Killed Erolcha
 17421 | Orc:2    | Found a roughly hewn altar of Beogh.
 17421 | Orc:2    | Found Loadeuq's Antique Weapon Shop.
 17454 | Orc:2    | Found Mynkahu's Gadget Boutique.
 17820 | D:13     | Noticed Sonja
 17831 | D:13     | Killed Sonja
 17874 | D:13     | Found a flagged portal.
 17880 | Bailey   | Entered a bailey
 18213 | Bailey   | Noticed an orc warlord
 18250 | Bailey   | Killed an orc warlord
 18375 | Bailey   | Identified 2 scrolls of acquirement
 18460 | D:13     | Reached skill level 11 in Fighting
 18460 | D:13     | Reached XP level 15. HP: 106/141 MP: 6/6
 18462 | D:13     | Reached skill level 15 in Axes
 18478 | D:13     | Found Xuekaf's Magic Scroll Emporium.
 19317 | D:14     | Found a gate to the Vaults.
 19965 | D:14     | Found a roughly hewn altar of Beogh.
 20064 | D:15     | Entered Level 15 of the Dungeon
 20142 | D:15     | Found a shadowy altar of Dithmenos.
 20859 | D:15     | Found a staircase to the Depths.
 21030 | D:13     | Bought 2 scrolls of enchant armour for 240 gold pieces
 21030 | D:13     | Bought a scroll of enchant weapon for 120 gold pieces
 21147 | Orc:2    | Bought a scroll of enchant weapon for 97 gold pieces
 21474 | Lair:1   | Killed nikopol's ghost
 21632 | Snake:1  | Entered Level 1 of the Snake Pit
 21644 | Snake:1  | Found a frozen archway.
 21679 | IceCv    | Entered an ice cave
 21861 | IceCv    | Reached XP level 16. HP: 152/152 MP: 7/7
 21876 | IceCv    | Got a tiger eye-encrusted plate armour
 21892 | IceCv    | Identified the +7 plate armour "Ejacs" {rN+ Dex+4} (You found it in an ice cave)
 22236 | Snake:1  | Found Cukh's Weapon Shop.
 22239 | Snake:1  | Found Ashun's Distillery.
 22239 | Snake:1  | Found Qeomon's Book Shop.
 22275 | Snake:1  | Found Sutib's Antique Weapon Boutique.
 22404 | Snake:1  | Reached skill level 12 in Fighting
 23796 | Snake:3  | Reached XP level 17. HP: 162/162 MP: 8/8
 24104 | Snake:3  | Identified the +2 cloak "Wemolef" {rF+ Stlth+} (You found it on level 3 of the Snake Pit)
 24381 | Snake:4  | Entered Level 4 of the Snake Pit
 24676 | Snake:4  | Reached skill level 15 in Shields
 25290 | Snake:4  | Reached skill level 15 in Armour
 25508 | Snake:4  | Reached skill level 13 in Fighting
 25681 | Snake:4  | Reached skill level 15 in Dodging
 25771 | Snake:4  | Gained mutation: You passively map a large area around you. [Deep Dwarf growth]
 25771 | Snake:4  | Reached XP level 18. HP: 135/171 MP: 9/9
 26051 | Snake:4  | Got a serpentine rune of Zot
 26213 | Shoals:1 | Entered Level 1 of the Shoals
 26213 | Shoals:1 | Noticed Frances
 26247 | Lair:3   | Killed Frances
 26380 | Shoals:1 | Found Biemno Iriji's Distillery.
 26543 | Shoals:1 | Noticed Nikola
 26579 | Shoals:1 | Killed Nikola
 27068 | Shoals:2 | Got a crude jade ring
 27069 | Shoals:2 | Identified the cursed ring "Baimow" {Str+4 Int-2 SInv} (You found it on level 2 of the Shoals)
 28400 | Shoals:4 | Entered Level 4 of the Shoals
 28805 | Shoals:4 | Reached skill level 14 in Fighting
 28807 | Shoals:4 | Noticed Ilsuiw
 28872 | Shoals:4 | Killed Ilsuiw
 29011 | Shoals:4 | Got a barnacled rune of Zot
 29440 | Shoals:4 | Identified the cursed +0 scale mail of the Blacksmith {-Tele rPois rF++ Stlth+} (You took it off a merfolk on level 4 of the Shoals)
 29649 | Elf:1    | Entered Level 1 of the Elven Halls
 29660 | Elf:1    | Reached XP level 19. HP: 182/182 MP: 10/10
 30743 | Elf:2    | Found Maad's Assorted Antiques.
 30768 | Elf:2    | Bought a scroll of enchant weapon for 277 gold pieces
 30768 | Elf:2    | Bought a potion of haste for 370 gold pieces
 31090 | Elf:2    | Found a huge runed gate.
 31092 | Elf:2    | Found a huge runed gate.
 31095 | Elf:2    | Found a huge runed gate.
 31145 | Elf:3    | Entered Level 3 of the Elven Halls
 32055 | Elf:3    | Reached skill level 15 in Fighting
 32067 | Elf:3    | Noticed a Brimstone Fiend
 32077 | Elf:3    | Reached XP level 20. HP: 179/194 MP: 11/11
 32140 | Elf:3    | Got a brightly glowing pewter ring
 32143 | Elf:3    | Identified the ring "Kiyluuw" {Int+4 Dex+3} (You took it off a deep elf sorcerer on level 3 of the Elven Halls)
 32236 | Elf:3    | Identified the Reference Book on Transmigration
 32344 | Elf:3    | Identified Vuvus's Incunabulum of Changing and Battle Magic
 32348 | Elf:3    | Got a coiled golden ring
 32349 | Elf:3    | Identified the ring "Pichoib" {*Corrode rElec AC+4 Str+2} (You found it on level 3 of the Elven Halls)
 32435 | Elf:3    | Found Muesimu's Jewellery Shop.
 32436 | Elf:3    | Found Noshrusm's Gadget Emporium.
 32436 | Elf:3    | Found Lykeg's Gadget Emporium.
 32768 | Vaults:1 | Entered Level 1 of the Vaults
 34169 | Vaults:2 | Found a staircase to the Crypt.
 34169 | Vaults:2 | Found a basalt altar of Yredelemnul.
 34174 | Vaults:2 | Found an ancient bone altar of Kikubaaqudgha.
 34730 | Vaults:2 | Reached XP level 21. HP: 204/204 MP: 12/12
 35263 | Vaults:3 | Reached skill level 16 in Fighting
 36457 | Vaults:4 | Found a ruined gateway.
 36485 | Desolati | Entered the Desolation of Salt
 36607 | Desolati | Found the +3 giant club "Skullcrusher" {speed, Str+7}
 36803 | Desolati | Got a warped lapis lazuli ring
 36813 | Desolati | Identified the ring of Relativism {rF+ rN+ Dex+4 Stlth-} (You took it off a servant of whispers in the Desolation of Salt)
 37440 | Vaults:4 | Reached XP level 22. HP: 216/216 MP: 13/13
 38013 | Vaults:5 | Entered Level 5 of the Vaults
 38247 | Vaults:5 | Reached skill level 17 in Fighting
 38305 | Vaults:5 | Got a bound marble ring
 38334 | Vaults:5 | Got a flickering turquoise ring
 38365 | Vaults:5 | Identified the ring "Ykuvveujyo" {Ice MR+ Stlth+} (You took it off a yaktaur captain on level 5 of the Vaults)
 38367 | Vaults:5 | Identified the ring "Hioxel" {rPois rC- rN+ Str+2} (You took it off a vault warden on level 5 of the Vaults)
 38764 | Vaults:5 | Reached skill level 18 in Fighting
 38822 | Vaults:5 | Identified the +4 hand axe of Dust {vamp, *Corrode rF+++ SInv} (You found it on level 5 of the Vaults)
 39036 | Vaults:5 | Got a silver rune of Zot
 39142 | Vaults:5 | Reached XP level 23. HP: 229/229 MP: 14/14
 39197 | Vaults:5 | Got brightly glowing gold dragon scales
 39200 | Vaults:5 | Identified the cursed +0 gold dragon scales of Nutewn {rPois rF+ rC+ rN+ Dex+5} (You took it off a vault guard on level 5 of the Vaults)
 40135 | Depths:1 | Entered Level 1 of the Depths
 40221 | Depths:1 | Found a gateway to Hell.
 40237 | Depths:1 | Identified the +0 hat of Absence {rPois MR+ Int+3} (You acquired it on level 1 of the Depths)
 40472 | Depths:2 | Identified the +9 plate armour "Aclocwuv" {+Inv +Fly rElec MR-} (You acquired it on level 2 of the Depths)
 40617 | Depths:2 | Reached skill level 19 in Fighting
 40808 | Depths:2 | Found a glowing silver altar of Zin.
 40808 | Depths:2 | Noticed Mennas
 40909 | Depths:2 | Killed Mennas
 40937 | Depths:2 | Found the +8 trident of the Octopus King {venom, rElec rPois MR+}
 41167 | Depths:4 | Noticed a caustic shrike
 41185 | Depths:4 | Noticed a juggernaut
 41192 | Depths:4 | Killed a caustic shrike
 41215 | Depths:4 | Killed a juggernaut
 41315 | Depths:5 | Entered Level 5 of the Depths
 41315 | Depths:5 | Found a shattered altar of Ashenzari.
 41315 | Depths:5 | Noticed Saint Roka
 41348 | Depths:5 | Killed Saint Roka
 41415 | Depths:5 | Reached skill level 20 in Fighting
 41419 | Depths:5 | Reached XP level 24. HP: 244/244 MP: 14/14
 41551 | Depths:5 | Found a gate to the Realm of Zot.
 41597 | Zot:1    | Entered Level 1 of the Realm of Zot
 41769 | Zot:5    | Entered Level 5 of the Realm of Zot
 41907 | Zot:5    | Reached skill level 21 in Fighting
 42105 | Zot:5    | Noticed an orb of fire
 42113 | Zot:5    | Noticed an orb of fire
 42125 | Zot:5    | Gained mutation: You are frail. (-10% HP) [an orb of fire]
 42126 | Zot:5    | Killed an orb of fire
 42126 | Zot:5    | Gained mutation: Armour fits poorly on your strangely shaped body. [an orb of fire]
 42128 | Zot:5    | Gained mutation: Scrolls take you a little longer to read. [an orb of fire]
 42129 | Zot:5    | Killed an orb of fire
 42130 | Zot:5    | Noticed an ancient lich
 42136 | Zot:5    | Killed an ancient lich
 42141 | Zot:5    | Reached skill level 22 in Fighting
 42244 | Zot:5    | Reached XP level 25. HP: 235/235 MP: 14/14
 42262 | Zot:5    | Lost mutation: Armour fits poorly on your strangely shaped body. [potion of mutation]
 42262 | Zot:5    | Lost mutation: You are frail. (-10% HP) [potion of mutation]
 42262 | Zot:5    | Lost mutation: Scrolls take you a little longer to read. [potion of mutation]
 42262 | Zot:5    | Gained mutation: You expend magic power (3 MP) to strengthen your wands. [potion of mutation]
 42262 | Zot:5    | Gained mutation: Your flesh is heat resistant. (rF+) [potion of mutation]
 42262 | Zot:5    | Gained mutation: You can translocate small distances at will. [potion of mutation]
 42264 | Zot:5    | Got the Orb of Zot
 42394 | Depths:5 | Noticed Ischiriot the pandemonium lord
 42407 | Depths:5 | Killed Ischiriot the pandemonium lord
 42599 | D:14     | Reached skill level 23 in Fighting
 42694 | D:9      | Noticed Jofop the pandemonium lord
 42888 | D:$      | Escaped with the Orb!

Vault maps used:
D:1:      zaba_arrival_water
D:2:      makhleb_altar_promises_db, chequers_ecumenical_altar_island,
          first_ration, minmay_misc_feat_roman, roderic_lattice_a,
          kennysheep_path_1, minmay_misc_feat_more_columns,
          lemuel_another_geyser
D:3:      grunt_qazlal_sundering
D:4:      minmay_misc_feat_cross
D:5:      uniq_duvessa, uniq_crazy_yiuf_cottage
D:7:      kennysheep_mini, lemuel_doored_altar,
          minmay_temple_entry_glassed_door, nicolae_ossuary_entry_giza,
          grunt_ogre_cave, uniq_joseph
D:8:      serial_co_window_serial, co_window_corner_a, co_window_corner_a,
          co_window_corner_a, co_window_of_opportunity_a,
          co_window_of_opportunity_a, co_window_corner_a,
          co_window_of_opportunity_a, co_window_broadway_b, co_window_2corner,
          co_window_broadway_a, co_window_corner_b, glass_columns_a
D:9:      okawaru_gym_becter
D:10:     david_lair_generic
D:11:     special_room, uniq_gastronok
D:12:     orc_0_dummy, uniq_harold
D:13:     serial_shops, shop, enter_bailey_3, uniq_sonja
D:14:     erik_vaults_2, special_room, hangedman_aviary
D:15:     grunt_enter_depths_hoard, grunt_dithmenos_shadows
Temple:   dpeg_five_rooms_temple
Lair:1:   serial_bayou_pond_d, grunt_megastairs_1, lemuel_fruit_tree,
          uniq_prince_ribbit2
Lair:2:   minmay_snake_entry_guardpost_large, infiniplex_staircase_pool_2
Lair:3:   elwin_shoals_entry_rocks, minmay_stone_trees_small
Lair:4:   nicolae_volcano_entry_lava_flow, grunt_megastairs_3
Lair:5:   gammafunk_cloud_chamber, uniq_kirke, uniq_rupert
Lair:6:   evilmike_catoblepas_cave, slime_altar_1, basic_altar,
          serial_bayou_pond_e
Shoals:1: serial_shops, shop, nicolae_shoals_drake_roost, uniq_nikola,
          uniq_frances
Shoals:3: nicolae_shoals_seven_spires
Shoals:4: shoals_end_grunt_garden, shoals_ilsuiw_alternative
Snake:1:  portal_ice_cave_entry_pillars_2, evilmike_ambush, minmay_shoptagon,
          grunt_megastairs_2, serial_bayou_shore_b
Snake:3:  grunt_megastairs_4, serial_bayou_shore_a
Snake:4:  grunt_snake_rune_serpentine_throne, serial_bayou_shore_b
Orc:1:    basic_altar, special_room
Orc:2:    kennysheep_orc_mage_school
Elf:1:    minivault_28, small_chamber_with_monster,
          roderic_lattice_octagonal_star
Elf:2:    serial_shops, nicolae_shop_competitors_out_of_business
Elf:3:    elf_hall, spider_trap, minmay_shop_grove
Vaults:1: ontoclasm_vaults_gallery, nicolae_vaults_shelves_hall,
          ontoclasm_vaults_spin, v_misc_9, v_rooms_1,
          nicolae_vaults_twisting_passages, nicolae_vaults_little_squares_1,
          ontoclasm_vaults_pinch, v_misc_5, hangedman_vaults_hat,
          vaults_room_door_ring, ontoclasm_vaults_fault
Vaults:2: v_misc_9, dpeg_vaults_monster_row, nicolae_vaults_border_crossing,
          v_misc_29, nicolae_vaults_network_square, vaults_room_pools,
          vaults_room_ringed_pool, v_misc_17, nicolae_vaults_specimen_jars,
          nicolae_vaults_little_squares_5, hangedman_vaults_restitches,
          minmay_crypt_entry_necro_gods, nicolae_vaults_circle_grid_b,
          nicolae_vaults_little_squares_6, st_cross
Vaults:3: v_misc_30, vaults_room_octagon, nicolae_vaults_stairing_the_circle,
          nicolae_vaults_little_squares_3, v_alt_pattern_1, v_pattern_4,
          nicolae_vaults_mini_display_case, vaults_mumra_minichess
Vaults:4: v_misc_24, v_misc_1, nicolae_vaults_asterisk,
          nicolae_vaults_ring_of_whatevers, dpeg_vaults_monster_box,
          vaults_dpeg_ring, v_misc_3, portal_desolation_entry_salt
Vaults:5: serial_shops
Depths:1: grunt_mini_vestibule, nicolae_abyss_entry_one_way_or_another,
          pan_entry, evilmike_butchery, kennysheep_random_hallway
Depths:2: evilmike_silver_temple, hellmouth_1, hangedman_decor_riveting
Depths:3: radiant_caverns_a_rkd, abyss_entry, pan_entry, hell_entry
Depths:4: minmay_strange_plus, enter_trove_5, abyss_entry_small_statue_room,
          hell_entry
Depths:5: grunt_zot_entry_tricorne, enter_ziggurat_b, minmay_misc_feat_square,
          hell_entry, ashenzari_altar_1, infiniplex_staircase_pool_lava,
          uniq_saint_roka
Zot:2:    lemuel_elevator, basic_stair_grate_trap
Zot:4:    stair_cage_cross
Zot:5:    hangedman_zot_diagonal_lockstep, grunt_ministairs_2
Ossuary:  ossuary_tomb_3
Bailey:   bailey_axe_minmay_hex_keep, bailey
IceCv:    ice_cave_tombish

Skill      XL: |  1  2  3  4  5  6  7  8  9 10 11 12 13 14 15 16 17 18 19 20 21 22 23 24 25 |
---------------+----------------------------------------------------------------------------+-----
Dodging        | 1 2 3 5 6 7 8 10 11 12 13 14 15 16 17 18 19 20 | 20.0
Fighting       | 3 4 5 6 7 9 10 11 12 13 14 15 16 18 20 22 23 | 23.0
Axes           | 3 4 5 6 8 9 11 13 14 16 17 18 21 | 21.3
Armour         | 4 5 6 7 8 9 10 11 12 13 14 15 16 17 18 19 20 | 20.0
Shields        | 4 5 6 7 8 9 10 11 12 13 14 15 16 17 18 19 20 | 20.0
Invocations    | 1 2 3 4 5 6 8 10 12 13 | 13.0

Action                   |  1- 3 |  4- 6 |  7- 9 | 10-12 | 13-15 | 16-18 | 19-21 | 22-24 | 25-27 || total
-------------------------+-------+-------+-------+-------+-------+-------+-------+-------+-------++-------
Melee: War axe           |    92 |    51 |    96 |   709 |  1578 |       |       |       |       ||  2526
       Dagger            |       |   131 |   225 |       |    15 |       |       |       |       ||   371
       Battleaxe         |       |       |   180 |   296 |       |       |       |       |       ||   476
       Short sword       |       |       |       |       |   130 |       |       |       |       ||   130
       Broad axe         |       |       |       |       |   495 |  1970 |  2062 |  1706 |    72 ||  6305
Throw: Throwing net      |       |     1 |     1 |       |       |       |       |       |       ||     2
Invok: Lesser Servant of |       |       |       |    12 |    18 |     2 |       |       |       ||    32
 Abil: Heal Wounds       |     1 |     2 |    25 |    25 |    17 |     3 |       |       |       ||    73
Evoke: Wand              |       |       |       |    15 |    13 |    10 |     2 |     5 |       ||    45
  Use: Scroll            |       |       |     8 |    15 |    21 |     6 |     6 |    27 |       ||    83
       Potion            |       |       |       |     8 |     5 |     7 |       |     2 |     6 ||    28
 Stab: Paralysed         |       |       |       |     4 |     8 |       |       |       |       ||    12
       Petrified         |       |       |       |       |    18 |       |       |       |       ||    18
       Distracted        |       |       |       |       |     2 |       |       |       |       ||     2
  Eat: Chunk             |       |     8 |    12 |    23 |    33 |    18 |    18 |    12 |       ||   124
       Ration            |       |       |       |       |     1 |     3 |     3 |     3 |       ||    10
Armor: Scale mail        |    40 |    74 |   193 |   117 |       |       |       |       |       ||   424
       Skin              |       |       |       |   164 |       |       |       |       |       ||   164
       Ring mail         |       |       |       |   321 |   250 |       |       |       |       ||   571
       Plate armour      |       |       |       |       |   419 |   670 |   407 |   429 |       ||  1925
       Gold dragon scale |       |       |       |       |       |       |       |   168 |    14 ||   182
Dodge: Dodged            |    39 |    71 |   273 |   641 |   856 |   816 |   618 |   625 |    17 ||  3956
Block: Shield            |    50 |    92 |   151 |   576 |  1032 |  1992 |  1444 |   655 |       ||  5992
       Large shield      |       |       |       |       |   564 |       |       |  1248 |    69 ||  1881
       Reflection        |       |       |       |       |    32 |   219 |   127 |    77 |       ||   455

Table legend:
 A = Spawn XP
 B = Non-spawn XP
 C = Spawn XP percentage of total XP
 D = Spawn monster count
 E = Non-spawn monster count
 F = Spawn count percentage of total count
 G = Total turns spent on level
                    A         B        C        D         E        F      G
               +---------+---------+-------+---------+---------+-------+---------
         Total |       0 | 1149424 |   0.0 |       0 |    2083 |   0.0 | 42888
               +---------+---------+-------+---------+---------+-------+---------
           D:1 |       0 |      32 |   0.0 |       0 |      16 |   0.0 |   915
           D:2 |       0 |     110 |   0.0 |       0 |      26 |   0.0 |   863
           D:3 |       0 |     136 |   0.0 |       0 |      17 |   0.0 |   795
           D:4 |       0 |     334 |   0.0 |       0 |      13 |   0.0 |   696
           D:5 |       0 |     859 |   0.0 |       0 |      12 |   0.0 |  1024
           D:6 |       0 |    1518 |   0.0 |       0 |      37 |   0.0 |  1304
           D:7 |       0 |    1808 |   0.0 |       0 |      24 |   0.0 |   805
           D:8 |       0 |    1739 |   0.0 |       0 |      14 |   0.0 |   804
           D:9 |       0 |    2646 |   0.0 |       0 |      33 |   0.0 |   849
          D:10 |       0 |    2841 |   0.0 |       0 |       9 |   0.0 |   754
          D:11 |       0 |    7480 |   0.0 |       0 |      52 |   0.0 |  1077
          D:12 |       0 |    4906 |   0.0 |       0 |      23 |   0.0 |   718
          D:13 |       0 |    8599 |   0.0 |       0 |      19 |   0.0 |   861
          D:14 |       0 |   21251 |   0.0 |       0 |      67 |   0.0 |  1291
          D:15 |       0 |   18386 |   0.0 |       0 |      49 |   0.0 |   968
        Lair:1 |       0 |    4787 |   0.0 |       0 |      17 |   0.0 |   795
        Lair:2 |       0 |    4154 |   0.0 |       0 |      25 |   0.0 |   757
        Lair:3 |       0 |    6556 |   0.0 |       0 |      24 |   0.0 |   764
        Lair:4 |       0 |   10290 |   0.0 |       0 |      47 |   0.0 |   988
        Lair:5 |       0 |    8410 |   0.0 |       0 |      26 |   0.0 |  1180
        Lair:6 |       0 |   22975 |   0.0 |       0 |      62 |   0.0 |  1545
      Shoals:1 |       0 |   14409 |   0.0 |       0 |      32 |   0.0 |   769
      Shoals:2 |       0 |   12294 |   0.0 |       0 |      25 |   0.0 |   722
      Shoals:3 |       0 |   18162 |   0.0 |       0 |      34 |   0.0 |   716
      Shoals:4 |       0 |   36870 |   0.0 |       0 |      62 |   0.0 |  1068
       Snake:1 |       0 |   27101 |   0.0 |       0 |      53 |   0.0 |   680
       Snake:2 |       0 |   17768 |   0.0 |       0 |      30 |   0.0 |   845
       Snake:3 |       0 |   26234 |   0.0 |       0 |      45 |   0.0 |   864
       Snake:4 |       0 |   65037 |   0.0 |       0 |     121 |   0.0 |  1719
         Orc:1 |       0 |    3343 |   0.0 |       0 |      31 |   0.0 |   451
         Orc:2 |       0 |   13168 |   0.0 |       0 |      81 |   0.0 |  1505
         Elf:1 |       0 |   21544 |   0.0 |       0 |      36 |   0.0 |   875
         Elf:2 |       0 |   28947 |   0.0 |       0 |      47 |   0.0 |   650
         Elf:3 |       0 |   60813 |   0.0 |       0 |      56 |   0.0 |  1495
      Vaults:1 |       0 |   47012 |   0.0 |       0 |      89 |   0.0 |  1256
      Vaults:2 |       0 |   60581 |   0.0 |       0 |      99 |   0.0 |  1283
      Vaults:3 |       0 |   41757 |   0.0 |       0 |      82 |   0.0 |  1234
      Vaults:4 |       0 |   51086 |   0.0 |       0 |      53 |   0.0 |  1222
      Vaults:5 |       0 |  154044 |   0.0 |       0 |     146 |   0.0 |  1918
      Depths:1 |       0 |   22839 |   0.0 |       0 |      30 |   0.0 |   373
      Depths:2 |       0 |   38165 |   0.0 |       0 |      36 |   0.0 |   701
      Depths:3 |       0 |      80 |   0.0 |       0 |       1 |   0.0 |    23
      Depths:4 |       0 |   43417 |   0.0 |       0 |      30 |   0.0 |   161
      Depths:5 |       0 |   38984 |   0.0 |       0 |      40 |   0.0 |   336
         Zot:1 |       0 |   11023 |   0.0 |       0 |       6 |   0.0 |   141
         Zot:2 |       0 |    2147 |   0.0 |       0 |       1 |   0.0 |    16
         Zot:4 |       0 |     505 |   0.0 |       0 |       1 |   0.0 |    24
         Zot:5 |       0 |  123062 |   0.0 |       0 |      44 |   0.0 |   569
       Ossuary |       0 |     153 |   0.0 |       0 |      16 |   0.0 |   179
        Bailey |       0 |    2722 |   0.0 |       0 |      69 |   0.0 |   513
         IceCv |       0 |    7738 |   0.0 |       0 |      22 |   0.0 |   437
    Desolation |       0 |   28602 |   0.0 |       0 |      53 |   0.0 |   364
               +---------+---------+-------+---------+---------+-------+---------
